 Dungeon Crawl Stone Soup version 0.24.0-37-gcf1ca852f1 (webtiles) character file.

Game seed: 6218480330143237555, levelgen mode: deterministic

1868 MoreCaffeine the Sneak (level 9, -15/56 HPs)
             Began as an Octopode Wizard on Dec 2, 2019.
             Was an Initiate of Gozag.
             Demolished by a shadow (25 damage)
             ... on level 6 of the Dungeon.
             The game lasted 00:22:25 (8408 turns).

MoreCaffeine the Sneak (Octopode Wizard)            Turns: 8408, Time: 00:22:25

Health: -15/56     AC:  1    Str:  7    XL:     9   Next: 13%
Magic:  6/17       EV: 13    Int: 23    God:    Gozag
Gold:   362        SH:  0    Dex: 10    Spells: 8/19 levels left

rFire    . . .     SeeInvis .   l - +3 dagger (speed)
rCold    . . .     Gourm    .   (no shield)
rNeg     . . .     Faith    .   a - +0 hat
rPois    .         Spirit   .   (no amulet)
rElec    .         Reflect  .   (no ring)
rCorr    .         Harm     .   (no ring)
MR       .....                  (no ring)
Stlth    ++++......             (no ring)
HPRegen  0.18/turn              (no ring)
MPRegen  0.15/turn              (no ring)
                                (no ring)
                                (no ring)

@: about to teleport
A: almost no armour, stealthy swim, amphibious, 8 rings, constrict 8, camouflage
1, gelatinous body 1
a: Potion Petition, Call Merchant, Bribe Branch, Renounce Religion


You were on level 6 of the Dungeon.
You worshipped Gozag.
Gozag was aware of your devotion.
You were not hungry.

You visited 1 branch of the dungeon, and saw 7 of its levels.

You collected 424 gold pieces.
You paid 62 gold pieces to Gozag.

Inventory:

Hand Weapons
 l - a +3 dagger of speed (weapon)
Missiles
 m - 6 poisoned darts (quivered)
Armour
 a - a +0 hat (worn)
Jewellery
 q - an uncursed ring of stealth {unknown}
 s - an uncursed amulet of magic regeneration
Wands
 n - a wand of disintegration (4)
 r - a wand of paralysis (2)
 v - a wand of flame (10)
 y - a wand of iceblast (8)
Scrolls
 e - a scroll of fog {unknown}
 g - a scroll of magic mapping {unknown}
 j - a scroll of enchant weapon {unknown}
 k - 2 scrolls of identify
 u - a scroll of enchant armour {unknown}
 x - 2 scrolls of remove curse
 C - a scroll of immolation {unknown}
Potions
 b - a potion of ambrosia {unknown}
 f - 2 potions of heal wounds
 h - a potion of degeneration {unknown}
 i - a potion of brilliance {unknown}
 o - 2 potions of curing {unknown}
 p - a potion of might {unknown}
 t - a potion of berserk rage {unknown}
 w - a potion of resistance
 z - a potion of magic {unknown}
 A - 3 potions of flight {unknown}
 B - a potion of haste {unknown}
Comestibles
 c - 7 rations


   Skills:
 + Level 3.0 Fighting
 - Level 2.3 Short Blades
 - Level 2.0 Dodging
 + Level 7.8 Stealth
 + Level 5.6 Spellcasting
 * Level 7.4 Conjurations
 - Level 1.0 Summonings
 - Level 2.0 Translocations
 - Level 1.1 Air Magic
 - Level 1.0 Poison Magic


You had 8 spell levels left.
You knew the following spells:

 Your Spells              Type           Power        Failure   Level  Hunger
a - Magic Dart            Conj           ####         1%          1    None
b - Blink                 Tloc           N/A          6%          2    None
c - Call Imp              Summ           ##......     9%          2    None
d - Mephitic Cloud        Conj/Pois/Air  ###.....     7%          3    ##.....
e - Conjure Flame         Conj/Fire      ###.....     6%          3    ##.....

Your spell library contained the following spells:

 Spells                   Type           Power        Failure   Level  Hunger
 Slow                     Hex            #.......     14%         2    None


Dungeon Overview and Level Annotations

Branches:
Dungeon (7/15)             Temple (0/1) D:6

Altars:
Gozag
Xom

Shops:
D:6 :

Annotations:
D:5 1 exclusion


Innate Abilities, Weirdness & Mutations

You cannot wear most types of armour.
You are very stealthy in the water. (Stealth+)
You are amphibious.
You can wear up to eight rings at the same time.
You can use your tentacles to constrict eight enemies at once.
Your skin changes colour to match your surroundings (Stealth+).
Your rubbery body absorbs attacks. (AC +1, EV +1)


Message History

Confirm with . or Enter, or press ? or * to list all spells.
You blink.
A shadow appears from thin air!
Reactivating autopickup.
The shadow slips into darkness.
The shadow flickers and vanishes!
Deactivating autopickup; reactivate with Ctrl-A.
There is a staircase to the Ecumenical Temple here.
Casting: Blink (safe; 6% risk of failure)
Confirm with . or Enter, or press ? or * to list all spells.
You blink.
Okay, then.
As you read the scroll of teleportation, it crumbles to dust.
You feel strangely unstable.
Casting: Blink (safe; 6% risk of failure)
Confirm with . or Enter, or press ? or * to list all spells.
You blink.
The shadow strikes at you from the darkness!
You die...
Your body crumbles into a pile of gold.

..###...##.....# #.# #.###.#
.)..#...##.....#######.####.# #.#
#.#.#...##..................###.#
#.#.....##.....##.##.#...........
#.###.####.....##.##.######.###..
#............#....##.# #.###..
####...#.#...#....##.######......
............###...ยง......>#.####.
####.#.#........@................
####......#.....#.......####.####
#.......###..>..###.###.####.#
......#...#.....#...# #....#.#
#####).............## #.##...# ..#
#####...###...## #.##.###
#.########...#....# #.##.#
#.##...# #...#....# ######
..##...###.#...##.##### #.#


There were no monsters in sight!

Vanquished Creatures
  A yak (D:6)
  Eustachio (D:5)
  Menkaure (D:6)
  2 sky beasts
  2 orc warriors
  4 slaves (D:5)
  Blork the orc (D:5)
  A howler monkey (D:7)
  3 crimson imps
  2 hounds
  An orc priest (D:5)
  A centaur skeleton (D:6)
  A jelly (D:6)
  Ijyb (D:5)
  A bullfrog skeleton (D:7)
  2 orc wizards
  4 worker ants
  3 adders
  An adder skeleton (D:7)
  6 worms
  2 dart slugs (D:2)
  2 leopard geckos
  11 orcs
  A ball python (D:1)
  9 bats
  6 giant cockroaches
  4 goblins
  6 hobgoblins
  5 jackals
  7 kobolds
  4 quokkas
  3 frilled lizards
  6 rats
105 creatures vanquished.

Vanquished Creatures (collateral kills)
  Pikel (D:5)
  An ogre (D:5)
  A worker ant (D:4)
3 creatures vanquished.

Grand Total: 108 creatures vanquished

Notes
Turn   | Place    | Note
-------+----------+-------------------------------------------
     0 | D:1      | MoreCaffeine the Octopode Wizard began the quest for the
                  | Orb.
     0 | D:1      | Reached XP level 1. HP: 11/11 MP: 4/4
   286 | D:1      | Reached XP level 2. HP: 16/17 MP: 1/6
   465 | D:1      | Found a shimmering altar of Xom.
  1226 | D:2      | Reached XP level 3. HP: 15/21 MP: 4/7
  1844 | D:2      | Reached XP level 4. HP: 27/27 MP: 3/9
  2676 | D:3      | Learned a level 2 spell: Blink
  2683 | D:2      | Learned a level 2 spell: Call Imp
  2687 | D:2      | Learned a level 3 spell: Mephitic Cloud
  2705 | D:3      | Noticed a sky beast
  2926 | D:3      | Killed a sky beast
  2926 | D:3      | Reached XP level 5. HP: 22/31 MP: 5/10
  3339 | D:3      | Learned a level 3 spell: Conjure Flame
  3702 | D:3      | Reached XP level 6. HP: 32/36 MP: 6/11
  4074 | D:4      | Reached skill level 5 in Stealth
  4744 | D:5      | Entered Level 5 of the Dungeon
  4765 | D:5      | Noticed a slave
  4765 | D:5      | Noticed a slave
  4809 | D:5      | Noticed Blork the orc
  4832 | D:5      | Killed Blork the orc
  5049 | D:5      | Noticed Eustachio
  5161 | D:5      | Reached skill level 1 in Short Blades
  5259 | D:5      | Killed a slave
  5338 | D:5      | Noticed a slave
  5338 | D:5      | Noticed a slave
  5434 | D:5      | Killed a slave
  5497 | D:5      | Noticed Pikel
  5529 | D:5      | Killed a slave
  5547 | D:5      | Reached XP level 7. HP: 41/41 MP: 11/13
  5707 | D:5      | Killed Pikel
  5707 | D:5      | Reached skill level 5 in Conjurations
  5839 | D:5      | Noticed Ijyb
  5862 | D:5      | Killed Ijyb
  6014 | D:5      | Reached XP level 8. HP: 44/47 MP: 15/15
  6121 | D:5      | Killed Eustachio
  6121 | D:5      | Reached skill level 1 in Fighting
  6154 | D:5      | Found an opulent altar of Gozag.
  6160 | D:5      | Became a worshipper of Gozag Ym Sagoz the Greedy
  6188 | D:6      | Reached skill level 1 in Poison Magic
  6551 | D:5      | Reached skill level 5 in Spellcasting
  6551 | D:5      | Reached skill level 1 in Air Magic
  6758 | D:6      | Found a staircase to the Ecumenical Temple.
  6841 | D:6      | Noticed Menkaure
  7141 | D:6      | Found Foehav's Book Emporium.
  7324 | D:6      | Killed Menkaure
  7774 | D:7      | Noticed a hippogriff
  7781 | D:7      | Noticed a yak
  7781 | D:7      | Noticed a shadow
  7941 | D:7      | Noticed a hippogriff
  8093 | D:6      | Killed a yak
  8093 | D:6      | Reached XP level 9. HP: 23/55 MP: 7/17
  8365 | D:6      | HP: 2/56 [something (31)]
  8408 | D:6      | Demolished by a shadow

Levels and vault maps discovered:
D:1:      dpeg_arrival_chase, layout_loops_ring, xom_teletrap_fun
D:2:      layout_loops_ring, first_ration, st_stairs_12
D:3:      layout_loops_ring
D:4:      layout_rooms
D:5:      cheibrodos_two_vegetables, layout_basic, kennysheep_little_box,
          uniq_eustachio, uniq_blork_the_orc, uniq_ijyb, uniq_pikel
D:6:      layout_basic, minmay_temple_entry_tees, serial_shops, shop,
          uniq_menkaure
D:7:      minmay_the_grid_four_pointed_star
          [minmay_the_grid_triangle_9x9_from_above,
          minmay_the_grid_triangle_9x9_corrupted_corridor,
          minmay_the_grid_triangle_9x9_impossible_snake,
          minmay_the_grid_triangle_9x9_steps, minmay_the_grid_prize_trominoes],
          layout_cave_pods

Skill      XL: |  1  2  3  4  5  6  7  8  9 |
---------------+----------------------------+-----
Stealth        | 3 4 5 6 7 |  7.8
Conjurations   | 2 3 4 5 7 |  7.4
Spellcasting   | 4 5 |  5.6
Short Blades   | 1 2 |  2.3
Fighting       | 2 3 |  3.0
Poison Magic   | 1 |  1.0
Air Magic      | 1 |  1.1
Translocations | 2 |  2.0
Dodging        | |  2.0
Summonings     | |  1.0

Action                   |  1- 3 |  4- 6 |  7- 9 || total
-------------------------+-------+-------+-------++-------
Melee: Unarmed           |     7 |       |       ||     7
       Constrict         |     7 |    16 |    14 ||    37
       Tentacles         |     3 |    12 |    17 ||    32
       Dagger            |    28 |    89 |   101 ||   218
Throw: Dart              |       |     6 |       ||     6
 Cast: Magic Dart        |    74 |    78 |    64 ||   216
       Mephitic Cloud    |       |     5 |    14 ||    19
       Call Imp          |       |     2 |     3 ||     5
       Blink             |       |       |    15 ||    15
       Conjure Flame     |       |       |     1 ||     1
Evoke: Wand              |       |     6 |     4 ||    10
  Use: Potion            |       |     1 |       ||     1
       Scroll            |       |       |     4 ||     4
 Stab: Sleeping          |     4 |     6 |     4 ||    14
       Confused          |       |     3 |    11 ||    14
       Paralysed         |       |     3 |       ||     3
  Eat: Chunk             |     2 |    11 |     1 ||    14
       Ration            |       |       |     3 ||     3
Armor: Skin              |     5 |     4 |     4 ||    13
Dodge: Dodged            |    25 |    27 |    56 ||   108
